[ AOE2 MATCH · #504903290 ]
UnrankedWei vs Celts
Player's team · WIN
Rival team · LOSS
[ REPLAY ANALYSIS · EXTRACTED FROM THE RECORDED GAME ]
Feudal
8:51
Castle
20:19
Imperial
37:16
| APM avg | 45.6 |
| APM peak | 73 |
| eAPM avg | 22.8 |
| Villagers / military | 183 / 24 |
Focus
⚔️ 29.8% · 🌾 70.2%
Unknown (1952) ×61 · Unknown (1949) ×40 · Unknown (1942) ×12 · Skirmisher ×11 · Mangonel ×7 · Unknown (1944) ×6
Feudal
8:50
Castle
19:13
Imperial
37:47
| APM avg | 115.2 |
| APM peak | 212 |
| eAPM avg | 64.5 |
| Villagers / military | 298 / 151 |
Focus
⚔️ 64.5% · 🌾 35.5%
Spearman ×56 · Archer ×24 · Scorpion ×24 · Woad Raider ×20 · Monk ×7 · Mangonel ×7
Match map
Initial resources + every placement click. Lines = walls · curves = elevation contours. ◆ gold · ⬟ stone · ● berries · ✦ relic · ◌ wall gap
Your base· ✓ Closed at 20:19 · 46t walls · no gate
blytz's base· Open — opponent sealed themselves in
Smoothed initial terrain · ◌ = detected wall gap · hover for details
Inputs per minute
— [CL] el castigador - - blytz
Build order — [CL] el castigador
First 150 of 523 actions detected
| 0:01 | Create | Villager (Male) |
| 0:01 | Create | Villager (Male) |
| 0:01 | Create | Villager (Male) |
| 0:01 | Create | Villager (Male) |
| 0:02 | Build | House |
| 0:03 | Build | House |
| 1:24 | Create | Villager (Male) |
| 2:04 | Create | Villager (Male) |
| 2:26 | Build | Lumber Camp |
| 2:26 | Create | Villager (Male) |
| 2:26 | Create | Villager (Male) |
| 2:49 | Create | Villager (Male) |
| 2:49 | Create | Villager (Male) |
| 2:59 | Create | Villager (Male) |
| 2:59 | Create | Villager (Male) |
| 3:26 | Create | Villager (Male) |
| 3:26 | Create | Villager (Male) |
| 3:46 | Create | Villager (Male) |
| 3:46 | Create | Villager (Male) |
| 3:47 | Create | Villager (Male) |
| 3:52 | Build | House |
| 3:53 | Build | House |
| 4:02 | Create | Villager (Male) |
| 4:02 | Create | Villager (Male) |
| 4:50 | Create | Villager (Male) |
| 4:58 | Build | Mill |
| 5:02 | Create | Villager (Male) |
| 5:19 | Research | Loom |
| 5:40 | Build | Palisade Wall |
| 5:42 | Build | Palisade Wall |
| 5:49 | Build | Palisade Wall |
| 6:06 | Build | House |
| 6:38 | Research | Feudal Age |
| 7:16 | Build | Palisade Wall |
| 7:20 | Create | Villager (Male) |
| 7:37 | Create | Villager (Male) |
| 7:44 | Build | Barracks |
| 8:22 | Build | Palisade Wall |
| 8:29 | Create | Villager (Male) |
| 8:47 | Build | House |
| 8:51 | Age | Feudal Age |
| 8:51 | Build | Palisade Wall |
| 9:03 | Build | Stable |
| 9:05 | Create | Villager (Male) |
| 9:19 | Build | Palisade Wall |
| 9:20 | Build | Palisade Wall |
| 9:20 | Build | Palisade Wall |
| 9:33 | Research | Double-Bit Axe |
| 9:34 | Create | Villager (Male) |
| 9:52 | Create | Scout Cavalry |
| 10:06 | Research | Horse Collar |
| 10:08 | Create | Villager (Male) |
| 10:13 | Create | Scout Cavalry |
| 10:27 | Create | Villager (Male) |
| 10:31 | Build | Farm |
| 10:34 | Build | Farm |
| 10:37 | Build | Farm |
| 10:44 | Create | Villager (Male) |
| 10:47 | Build | Farm |
| 11:07 | Build | Farm |
| 11:10 | Create | Villager (Male) |
| 11:24 | Create | Scout Cavalry |
| 11:44 | Create | Villager (Male) |
| 11:44 | Create | Villager (Male) |
| 11:49 | Build | Archery Range |
| 11:58 | Create | Villager (Male) |
| 12:17 | Create | Villager (Male) |
| 12:28 | Build | House |
| 12:31 | Build | House |
| 12:37 | Build | House |
| 12:40 | Build | House |
| 12:44 | Create | Villager (Male) |
| 12:45 | Create | Skirmisher |
| 12:56 | Create | Skirmisher |
| 13:02 | Build | Blacksmith |
| 13:05 | Create | Villager (Male) |
| 13:10 | Create | Skirmisher |
| 13:12 | Create | Villager (Male) |
| 13:17 | Build | Farm |
| 13:32 | Build | House |
| 13:42 | Create | Skirmisher |
| 13:50 | Create | Villager (Male) |
| 13:51 | Create | Skirmisher |
| 14:07 | Create | Villager (Male) |
| 14:11 | Build | House |
| 14:13 | Build | House |
| 14:27 | Build | House |
| 14:28 | Build | House |
| 14:28 | Create | Villager (Male) |
| 14:31 | Build | Mining Camp |
| 14:36 | Build | Farm |
| 14:39 | Build | Farm |
| 14:40 | Build | Farm |
| 14:41 | Build | Farm |
| 15:06 | Build | House |
| 15:10 | Build | Palisade Wall |
| 15:12 | Create | Villager (Male) |
| 15:15 | Build | Farm |
| 15:16 | Build | Farm |
| 15:32 | Build | House |
| 15:53 | Build | Palisade Wall |
| 15:57 | Create | Villager (Male) |
| 15:57 | Create | Villager (Male) |
| 16:35 | Create | Villager (Male) |
| 16:37 | Build | Market |
| 16:43 | Build | House |
| 16:44 | Build | House |
| 16:45 | Build | House |
| 17:14 | Create | Villager (Male) |
| 17:35 | Research | Castle Age |
| 17:35 | Research | Castle Age |
| 18:07 | Research | Gold Mining |
| 18:24 | Research | Fletching |
| 18:27 | Create | Skirmisher |
| 18:27 | Create | Skirmisher |
| 18:38 | Build | Lumber Camp |
| 18:51 | Create | Skirmisher |
| 18:55 | Research | Padded Archer Armor |
| 19:12 | Create | Skirmisher |
| 19:29 | Build | Archery Range |
| 19:45 | Research | Town Watch |
| 19:47 | Create | Skirmisher |
| 19:47 | Create | Skirmisher |
| 19:58 | Build | Lumber Camp |
| 20:19 | Age | Castle Age |
| 20:21 | Research | Bodkin Arrow |
| 20:30 | Build | House |
| 20:31 | Build | Palisade Wall |
| 20:37 | Research | Elite Skirmisher (upgrade) |
| 20:58 | Build | Siege Workshop |
| 21:09 | Create | Villager (Male) |
| 21:09 | Create | Villager (Male) |
| 21:09 | Create | Villager (Male) |
| 21:38 | Create | Mangonel |
| 21:41 | Research | Bloodlines |
| 21:44 | Research | Scale Barding Armor |
| 21:46 | Create | Villager (Male) |
| 22:10 | Create | Villager (Male) |
| 22:17 | Create | Mangonel |
| 22:17 | Create | Villager (Male) |
| 22:49 | Build | House |
| 23:13 | Build | House |
| 23:42 | Create | Villager (Male) |
| 23:43 | Create | Villager (Male) |
| 23:43 | Create | Villager (Male) |
| 23:43 | Create | Villager (Male) |
| 23:48 | Create | Unit 1944 |
| 23:48 | Create | Unit 1944 |
| 23:57 | Build | Farm |
| 23:57 | Build | Farm |
Build order — blytz
First 150 of 743 actions detected
| 0:00 | Create | Villager (Male) |
| 0:00 | Create | Villager (Male) |
| 0:02 | Build | House |
| 0:03 | Build | House |
| 0:08 | Create | Villager (Male) |
| 0:24 | Create | Villager (Male) |
| 0:24 | Create | Villager (Male) |
| 1:24 | Create | Villager (Male) |
| 1:39 | Create | Villager (Male) |
| 2:01 | Create | Villager (Male) |
| 2:23 | Build | Lumber Camp |
| 2:40 | Create | Villager (Male) |
| 3:00 | Create | Villager (Male) |
| 3:18 | Build | House |
| 3:30 | Create | Villager (Male) |
| 3:43 | Create | Villager (Male) |
| 4:13 | Create | Villager (Male) |
| 4:30 | Create | Villager (Male) |
| 4:50 | Create | Villager (Male) |
| 4:51 | Create | Villager (Male) |
| 5:05 | Create | Villager (Male) |
| 5:31 | Build | Barracks |
| 5:38 | Create | Villager (Male) |
| 5:48 | Build | House |
| 5:59 | Research | Loom |
| 6:29 | Research | Feudal Age |
| 6:29 | Research | Feudal Age |
| 6:46 | Create | Militia |
| 6:50 | Create | Villager (Male) |
| 7:01 | Build | Mining Camp |
| 7:06 | Create | Militia |
| 7:16 | Create | Villager (Male) |
| 7:40 | Create | Militia |
| 7:55 | Build | Mill |
| 8:05 | Create | Villager (Male) |
| 8:30 | Build | House |
| 8:34 | Create | Villager (Male) |
| 8:50 | Age | Feudal Age |
| 8:59 | Research | Man-at-Arms (upgrade) |
| 8:59 | Research | Man-at-Arms (upgrade) |
| 9:05 | Create | Villager (Male) |
| 9:20 | Create | Villager (Male) |
| 9:23 | Create | Villager (Male) |
| 9:26 | Build | Archery Range |
| 9:36 | Create | Villager (Male) |
| 9:38 | Build | Farm |
| 9:51 | Build | House |
| 9:59 | Create | Villager (Male) |
| 10:02 | Build | Palisade Wall |
| 10:07 | Create | Spearman |
| 10:10 | Create | Villager (Male) |
| 10:13 | Create | Villager (Male) |
| 10:13 | Create | Villager (Male) |
| 10:15 | Build | House |
| 10:20 | Create | Villager (Male) |
| 10:27 | Build | Farm |
| 10:28 | Create | Archer |
| 10:41 | Build | Palisade Wall |
| 10:48 | Create | Spearman |
| 10:52 | Create | Villager (Male) |
| 10:58 | Research | Double-Bit Axe |
| 10:58 | Research | Double-Bit Axe |
| 11:10 | Create | Villager (Male) |
| 11:11 | Build | Farm |
| 11:21 | Create | Spearman |
| 11:31 | Build | Farm |
| 11:46 | Create | Villager (Male) |
| 11:48 | Build | Farm |
| 11:56 | Build | Farm |
| 12:00 | Create | Villager (Male) |
| 12:11 | Build | Palisade Gate |
| 12:28 | Create | Villager (Male) |
| 12:29 | Build | Farm |
| 12:40 | Create | Archer |
| 12:42 | Create | Villager (Male) |
| 12:43 | Build | House |
| 12:54 | Create | Archer |
| 13:00 | Create | Villager (Male) |
| 13:06 | Build | House |
| 13:08 | Create | Villager (Male) |
| 13:26 | Create | Villager (Male) |
| 13:29 | Build | Farm |
| 13:32 | Build | Farm |
| 13:39 | Create | Villager (Male) |
| 13:40 | Create | Villager (Male) |
| 13:43 | Build | Farm |
| 13:43 | Create | Villager (Male) |
| 13:44 | Build | Farm |
| 13:47 | Create | Archer |
| 14:00 | Create | Villager (Male) |
| 14:01 | Create | Villager (Male) |
| 14:15 | Create | Villager (Male) |
| 14:17 | Build | Farm |
| 14:17 | Create | Villager (Male) |
| 14:26 | Create | Villager (Male) |
| 14:37 | Create | Villager (Male) |
| 14:42 | Create | Villager (Male) |
| 14:45 | Create | Archer |
| 14:46 | Create | Villager (Male) |
| 14:59 | Create | Villager (Male) |
| 15:07 | Build | Market |
| 15:09 | Create | Villager (Male) |
| 15:12 | Build | Market |
| 15:14 | Create | Villager (Male) |
| 15:16 | Create | Archer |
| 15:24 | Create | Villager (Male) |
| 15:26 | Create | Villager (Male) |
| 15:57 | Build | Blacksmith |
| 16:01 | Create | Archer |
| 16:14 | Build | House |
| 16:33 | Research | Castle Age |
| 16:33 | Research | Castle Age |
| 16:47 | Create | Villager (Male) |
| 17:00 | Create | Villager (Male) |
| 17:04 | Create | Archer |
| 17:10 | Create | Villager (Male) |
| 17:22 | Create | Villager (Male) |
| 17:43 | Research | Fletching |
| 17:44 | Create | Villager (Male) |
| 17:47 | Build | Lumber Camp |
| 17:47 | Create | Villager (Male) |
| 17:50 | Build | Palisade Wall |
| 17:55 | Create | Villager (Male) |
| 18:02 | Create | Villager (Male) |
| 18:04 | Create | Villager (Male) |
| 18:06 | Build | House |
| 18:06 | Build | House |
| 18:19 | Research | Padded Archer Armor |
| 18:19 | Research | Padded Archer Armor |
| 18:22 | Create | Archer |
| 18:31 | Create | Villager (Male) |
| 18:45 | Create | Villager (Male) |
| 18:47 | Create | Villager (Male) |
| 18:48 | Create | Villager (Male) |
| 18:51 | Create | Villager (Male) |
| 18:53 | Research | Gold Mining |
| 18:54 | Research | Gold Mining |
| 18:54 | Create | Villager (Male) |
| 18:59 | Create | Villager (Male) |
| 19:13 | Age | Castle Age |
| 19:14 | Build | Siege Workshop |
| 19:18 | Research | Crossbowman (upgrade) |
| 19:18 | Research | Crossbowman (upgrade) |
| 19:27 | Research | Bodkin Arrow |
| 19:27 | Research | Bodkin Arrow |
| 19:41 | Create | Archer |
| 19:49 | Build | House |
| 19:51 | Create | Villager (Male) |
| 19:54 | Create | Mangonel |
| 19:59 | Build | Monastery |
Match timeline
| 5:31 | blytz · first_building Barracks |
| 5:40 | [CL] el castigador · wall_segment Palisade Wall x3 |
| 5:42 | [CL] el castigador · wall_segment Palisade Wall x5 |
| 5:49 | [CL] el castigador · wall_segment Palisade Wall x7 |
| 7:16 | [CL] el castigador · wall_segment Palisade Wall x3 |
| 7:44 | [CL] el castigador · first_building Barracks |
| 8:22 | [CL] el castigador · wall_segment Palisade Wall x4 |
| 8:50 | blytz · age_up feudal |
| 8:51 | [CL] el castigador · age_up feudal |
| 8:51 | [CL] el castigador · wall_segment Palisade Wall x8 |
| 9:03 | [CL] el castigador · first_building Stable |
| 9:19 | [CL] el castigador · wall_segment Palisade Wall x1 |
| 9:20 | [CL] el castigador · wall_segment Palisade Wall x1 |
| 9:20 | [CL] el castigador · wall_segment Palisade Wall x1 |
| 9:26 | blytz · first_building Archery Range |
| 10:02 | blytz · wall_segment Palisade Wall x1 |
| 10:41 | blytz · wall_segment Palisade Wall x7 |
| 11:49 | [CL] el castigador · first_building Archery Range |
| 15:10 | [CL] el castigador · wall_segment Palisade Wall x1 |
| 15:53 | [CL] el castigador · wall_segment Palisade Wall x13 |
| 16:05 | blytz · first_market_buy 100 food |
| 16:05 | blytz · first_market_sell 100 wood |
| 17:29 | [CL] el castigador · first_market_buy 100 food |
| 17:32 | [CL] el castigador · first_market_sell 100 wood |
| 17:50 | blytz · wall_segment Palisade Wall x1 |
| 19:13 | blytz · age_up castle |
| 19:14 | blytz · first_building Siege Workshop |
| 19:59 | blytz · first_building Monastery |
| 20:19 | [CL] el castigador · age_up castle |
| 20:31 | [CL] el castigador · wall_segment Palisade Wall x1 |
| 20:58 | [CL] el castigador · first_building Siege Workshop |
| 26:10 | blytz · wall_segment Palisade Wall x1 |
| 32:26 | [CL] el castigador · first_building Castle |
| 32:43 | blytz · first_building Castle |
| 37:16 | [CL] el castigador · age_up imperial |
| 37:47 | blytz · age_up imperial |
| 48:18 | [CL] el castigador · first_building Monastery |
| 51:01 | blytz · resign |
[ AI ANALYSIS · 1 CREDIT ]
What really happened in this match?
Wolo.gg analyzes every decision: build order, eco, micro, common mistakes by bracket. Personalized analysis on WhatsApp or Discord in 30 seconds.
Civ guide
Wei
Perfil
[CL] el castigador